 Dungeon Crawl Stone Soup version 0.27-a0-668-gb5737ff2c0 (webtiles) character file.

Game seed: 17935629582287867904

281 sanka the Sneak (level 6, 0/44 HPs)
             Began as a Vampire Brigand on Mar 17, 2021.
             Was a Follower of Nemelex Xobeh.
             Slain by an orc
             ... wielding a +1 war axe of electrocution
              (20 damage)
             ... on level 3 of the Dungeon.
             The game lasted 00:05:47 (2539 turns).

sanka the Sneak (Vampire Brigand)                   Turns: 2539, Time: 00:05:48

Health: 0/44       AC:  4    Str: 10    XL:     6   Next: 6%
Magic:  6/8        EV: 14    Int: 13    God:    Nemelex Xobeh [*.....]
Gold:   118        SH:  0    Dex: 18    Spells: 5/5 levels left

rFire    . . .     SeeInvis +   a - +2 dagger (drain)
rCold    . . .     Faith    .   (no shield)
rNeg     . . .     Spirit   .   m - +1 robe {Will+}
rPois    .         Reflect  .   (no helmet)
rElec    .         Harm     .   c - +0 cloak
rCorr    .         Rampage  .   (no gloves)
Will     +....                  (no boots)
Stlth    +++.......             (no amulet)
HPRegen  0.34/turn              (no ring)
MPRegen  0.11/turn              (no ring)

@: regenerating quickly
A: alive, fangs 3, see invisible, unbreathing 1, vampiric 2
a: Exsanguinate, Renounce Religion, Draw Escape, Draw Destruction, Draw
Summoning


You were on level 3 of the Dungeon.
You worshipped Nemelex Xobeh.
Nemelex Xobeh was aware of your devotion.
You visited 1 branch of the dungeon, and saw 3 of its levels.

You collected 118 gold pieces.


Innate Abilities, Weirdness & Mutations

Your natural rate of healing is unusually fast.
You have razor-sharp teeth.
You have supernaturally acute eyesight. (SInv)
You can survive without breathing.
You are afflicted with vampirism and can become a bat while bloodless.


   Skills:
 - Level 2.0 Fighting
 - Level 4.0 Short Blades
 - Level 2.0 Throwing
 + Level 4.0 Dodging
 - Level 6.0 Stealth
 + Level 2.7 Invocations


You had 5 spell levels left.
You didn't know any spells.
Your spell library was empty.

Inventory:

Hand Weapons
 a - a +2 dagger of draining (weapon)
 b - a +2 whip of pain
 l - a +2 short sword of freezing
Missiles
 d - 8 poisoned darts (quivered)
 e - 2 curare-tipped darts {=f}
Armour
 c - a +0 cloak (worn)
 m - a +1 robe of willpower (worn)
Wands
 q - a wand of polymorph (4)
Scrolls
 h - a scroll of vulnerability {unknown}
 i - a scroll of teleportation {unknown}
 j - a scroll of immolation {unknown}
 k - a scroll of identify {unknown}
 n - a scroll of fog {unknown}
 o - a scroll of amnesia {unknown}
 p - a scroll of enchant armour {unknown}
Potions
 f - a potion of curing {unknown}
 g - a potion of attraction {unknown}

Dungeon Overview and Level Annotations

Branches:
Dungeon (3/15)

Altars:
Nemelex Xobeh

Annotations:
D:3 Grinder

▒...................▒ ▒▒▒▒
▒..................▒▒▒▒...
▒.........................
▒.........................
▒.............▒▒▒..^......
▒.............▒▒▒.........
▒...............▒.........
▒....▒▒▒▒o▒▒▒▒▒.▒.........
▒....▒ ▒V▒...▒.▒.........
▒▒▒▒▒▒ ▒.▒.▒<▒.▒.........
▒.▒.▒▒▒.▒.........
▒.▒....[▒.▒▒▒▒▒▒▒▒
▒.▒▒▒▒▒▒▒. ▒.. ▒▒▒


You could see an orc.


Message History

The orc wizard is severely wounded.
The orc wizard barely misses you.
Unknown command.
You barely miss the orc wizard.
The orc wizard is severely wounded.
The orc wizard hits you with a +0 dagger.
* * * LOW HITPOINT WARNING * * *
You hit the orc wizard but do no damage.
The orc wizard is severely wounded.
The orc wizard hits you with a +0 dagger.
* * * LOW HITPOINT WARNING * * *
You hit the orc wizard. You drain the orc wizard.
You kill the orc wizard!
Your Dodging skill increases to level 4!
You have reached level 6!
Your experience leads to an increase in your attributes!
Increase (s)trength, (i)ntelligence, or (d)exterity?
You feel agile.
You closely miss the orc. The orc closely misses you.
Unknown command.
You hit the orc but do no damage. The orc misses you.
You closely miss the orc.
The orc hits you with a +1 war axe of electrocution.
* * * LOW HITPOINT WARNING * * *
You are electrocuted!!
You die...
Your body disappears without a glow.

Action                   |  1- 3 |  4- 6 || total
-------------------------+-------+-------++-------
Melee: Dagger            |   105 |   115 ||   220
       Bite              |     7 |     9 ||    16
 Stab: Sleeping          |     9 |     5 ||    14
       Distracted        |       |     1 ||     1
Armor: Robe              |    21 |     9 ||    30
Dodge: Dodged            |    55 |    56 ||   111

Levels and vault maps discovered:
D:1:      dpeg_arrival_round_a, layout_rooms, nemelex_xobeh_ov_fountains_minmay
D:2:      layout_basic, minmay_cupped, uniq_jessica
D:3:      layout_basic, minmay_misc_feat_alley, uniq_grinder, uniq_ijyb,
          uniq_terence

Notes
Turn   | Place    | Note
-------+----------+-------------------------------------------
     0 | D:1      | sanka the Vampire Brigand began the quest for the Orb.
     0 | D:1      | Reached XP level 1. HP: 16/16 MP: 1/1
   110 | D:1      | Reached skill level 6 in Stealth
   112 | D:1      | Reached XP level 2. HP: 15/22 MP: 2/2
   155 | D:1      | Reached skill level 2 in Fighting
   305 | D:1      | Found a sparkling altar of Nemelex Xobeh.
   401 | D:1      | Became a worshipper of Nemelex Xobeh the Trickster
   664 | D:2      | Reached skill level 2 in Throwing
   664 | D:2      | Reached skill level 2 in Dodging
   664 | D:2      | Gained mutation: You are afflicted with vampirism and can
                  | become a bat while bloodless. [Vampire growth]
   664 | D:2      | Reached XP level 3. HP: 18/27 MP: 3/3
   798 | D:2      | Reached skill level 3 in Short Blades
  1131 | D:2      | Reached XP level 4. HP: 32/33 MP: 4/4
  1215 | D:2      | Reached skill level 4 in Short Blades
  1512 | D:2      | Noticed Jessica
  1536 | D:2      | Killed Jessica
  1537 | D:2      | Reached skill level 1 in Invocations
  1608 | D:2      | Reached XP level 5. HP: 38/38 MP: 6/6
  1626 | D:2      | Reached skill level 3 in Dodging
  2036 | D:3      | Noticed Grinder
  2237 | D:3      | Reached * piety under Nemelex Xobeh
  2247 | D:3      | Reached skill level 2 in Invocations
  2260 | D:3      | Paralysed by Grinder for 4 turns
  2444 | D:3      | Noticed Ijyb
  2453 | D:3      | Killed Ijyb
  2499 | D:3      | Noticed Terence
  2525 | D:3      | Killed Terence
  2537 | D:3      | Reached skill level 4 in Dodging
  2537 | D:3      | Reached XP level 6. HP: 20/44 MP: 6/8
  2539 | D:3      | Slain by an orc

Vanquished Creatures
  Ijyb (D:3)
  Jessica (D:2)
  Terence (D:3)
  An orc wizard (D:3)
  4 gnolls (D:2)
  7 adders
  An ooze (D:2)
  A dart slug (D:2)
  3 leopard geckos
  3 orcs (D:3)
  3 giant cockroaches (D:2)
  9 goblins
  4 hobgoblins
  3 jackals (D:1)
  10 kobolds
  A quokka (D:2)
  A ball python (D:2)
  8 bats
  2 frilled lizards
  14 rats
78 creatures vanquished.
